 Dungeon Crawl Stone Soup version 0.28-a0-1002-gf00fe891ef (webtiles) character file.

Game seed: 9093042767022798268

5 ragingrage the Skirmisher (level 1, -6/19 HPs)
             Began as a Palentonga Fighter on Dec 7, 2021.
             Mangled by a kobold (19 damage)
             ... on level 1 of the Dungeon.
             The game lasted 00:00:06 (42 turns).

ragingrage the Skirmisher (Palentonga Fighter)        Turns: 42, Time: 00:00:06

Health: -6/19      AC:  6    Str: 19    XL:     1   Next: 66%
Magic:  1/1        EV:  7    Int:  8    God:
Gold:   0          SH:  4    Dex:  9    Spells: 0/0 levels left

rFire   . . .      SeeInvis +   a - +0 war axe
rCold   . . .      Faith    .   c - +0 buckler
rNeg    . . .      Spirit   .   b - +0 scale mail
rPois   .          Reflect  .   (no helmet)
rElec   .          Harm     .   (no cloak)
rCorr   .          Rampage  .   (no gloves)
Will    .....                   (no barding)
Stlth   ..........              (no amulet)
HPRegen 0.06/turn               (no ring)
MPRegen 0.07/turn               (no ring)

@: no status effects
A: large, rugged brown scales 3, see invisible, deformed body, roll 1, armoured
tail
a: Rolling Charge


You were on level 1 of the Dungeon.
You visited 1 branch of the dungeon, and saw 1 of its levels.

Inventory:

Hand Weapons
 a - a +0 war axe (weapon)
Armour
 b - a +0 scale mail (worn)
 c - a +0 buckler (worn)
Potions
 d - a potion of might
 e - a potion of curing {unknown}


   Skills:
 - Level 3.0 Fighting
 * Level 2.5 Axes
 - Level 2.4 Armour
 - Level 2.4 Shields


You couldn't memorise any spells.
You didn't know any spells.
Your spell library was empty.

Dungeon Overview and Level Annotations

Branches:
Dungeon (1/15)

Altars:


Innate Abilities, Weirdness & Mutations

You are completely covered in rugged brown scales. (AC +3, +7% HP)
You have supernaturally acute eyesight. (SInv)
Armour fits poorly on your strangely shaped body.
You can roll at nearby foes to attack.
You have a long armoured tail.


Message History

The kobold barely misses you.
You closely miss the kobold. You hit the bat. You closely miss the ball python.
The bat barely misses you.
The ball python bites you but does no damage.
The kobold throws a stone.
The stone barely misses you. You block the bat's attack.
The kobold hits you with a +0 dagger. The ball python bites you.
You slash the bat!
You kill the bat!
You slash the kobold!
You kill the kobold!
Your scale mail prevents you from hitting the ball python.
The ball python closely misses you.
The ball python bites you but does no damage.
You barely miss the kobold. You hit the ball python.
You kill the ball python!
The kobold barely misses you.
You miss the kobold. The kobold barely misses you.
You closely miss the kobold. You hit the endoplasm but do no damage.
The kobold hits you but does no damage.
The endoplasm hits you but does no damage.
The kobold barely misses you. The endoplasm barely misses you.
You barely miss the kobold.
Your tail-slap misses the kobold.
You hit the endoplasm.
The kobold hits you with a +1 whip of electrocution.
The endoplasm barely misses you.
You hit the endoplasm.
You kill the endoplasm!
You closely miss the kobold.
The kobold hits you but does no damage. x2
You hit the kobold.
The kobold is severely wounded.
You block the kobold's attack.
You barely miss the kobold.
The kobold is severely wounded.
You block the kobold's attack.
You barely miss the kobold.
The kobold is severely wounded.
The kobold hits you but does no damage.
You are electrocuted!!
Ouch! That really hurt!
You die...

........##
.........#
.........#
.........#
>(.......#
.........####
......K†....##
......)@.....##
.
.......†......#
..
..##!.........#
#.. #..........#
..
.............#.#
.##............#
. ##........####
##........####
#............#.


You could see a kobold.

Vanquished Creatures
  An endoplasm (D:1)
  A goblin (D:1)
  A ball python (D:1)
  A bat (D:1)
  A kobold (D:1)
  A rat (D:1)
6 creatures vanquished.

Notes
Turn   | Place    | Note
-------+----------+-------------------------------------------
     0 | D:1      | ragingrage the Palentonga Fighter began the quest for the
                  | Orb.
     0 | D:1      | Reached XP level 1. HP: 19/19 MP: 1/1
    42 | D:1      | Mangled by a kobold

Illustrated notes

Levels and vault maps discovered:
D:1:      ldierk_water_garden, layout_rooms

Action                   || total
-------------------------++-------
Melee: War axe           ||    19
 Abil: Rolling Charge    ||     1
Armor: Scale mail        ||    12
Dodge: Dodged            ||    14
Block: Buckler           ||     6

Table legend: (Time is in decaauts)
 A = Elapsed time spent in this place.
 B = Non-inter-level travel time spent in this place.
 C = Inter-level travel time spent in this place.
 D = Time resting spent in this place.
 E = Time spent auto-exploring this place.
 F = Levels seen in this place.
 G = Mean time per level.
                   A        B        C        D        E       F      G
               +--------+--------+--------+--------+--------+-----+--------+
         Total |     49 |     49 |      0 |      0 |     16 |   1 |   49.0 |
       Dungeon |     49 |     49 |      0 |      0 |     16 |   1 |   49.0 |
               +--------+--------+--------+--------+--------+-----+--------+

Top non-repeatable levels by time:
     D:1: 49 daAuts
